Map: Galactic Process LE

Players

QianHaha

  • Race: Terran Terran
  • League: Gold
  • Spawn Location: 1:00

Fropez - Winner!

  • Race: Protoss Protoss
  • League: Gold
  • Spawn Location: 7:00

VOD

Have the link to the VOD?

Description

Time

  • Played on: Oct. 22, 2016, 5:14 p.m.
  • Length: 15:25
Show
View Real Time Build Order
Export as new Build Order

QianHaha Terran 

Build Orders: Reaper Expand 

Get SALT Encoding   

  12  0:01  SCV  
  13  0:13  SCV  
  14  0:17  Refinery  
  14  0:26  Supply Depot  
  14  0:28  SCV  
  15  0:48  SCV  
  15  0:49  Barracks  
  16  1:00  SCV  
  17  1:12  SCV  
  18  1:24  SCV  
  19  1:39  Orbital Command  
  19  1:41  Reaper  
  19  1:44  Supply Depot  
  20  2:03  Command Center  
  20  2:09  Refinery  
  20  2:15  Factory  
  20  2:32  Barracks Reactor, SCV  
  21  2:44  SCV  
  22  2:56  SCV  
  23  3:08  SCV  
  23  3:10  Marine x2  
  26  3:12  Widow Mine  
  26  3:13  Starport  
  28  3:26  SCV  
  29  3:31  Marine x2  
  31  3:51  Marine  
  31  3:52  Marine  
  31  3:55  Factory Tech Lab  
  32  3:56  Medivac  
  32  4:01  Barracks  
  34  4:09  Marine x2  
  35  4:11  Orbital Command  
  36  4:20  Siege Tank, Supply Depot  
  39  4:42  Supply Depot  
  39  4:44  SCV x2  
  41  4:51  Barracks Tech Lab  
  41  4:52  Barracks  
  41  4:56  Starport Reactor, SCV x2  
  41  4:57  Marine x2  
  48  5:02  Cyclone  
  49  5:08  SCV x2  
  51  5:20  SCV  
  50  5:25  Marine  
  50  5:26  Marine x2  
  48  5:43  Marine  
  49  5:52  SCV x2  
  49  5:55  Supply Depot  
  51  6:01  Engineering Bay  
  51  6:04  SCV x2, Barracks Tech Lab  
  51  6:06  Stimpack  
  51  6:07  Marine, Marauder  
  51  6:08  Marine  
  57  6:16  SCV x2  
  59  6:19  Engineering Bay  
  59  6:25  Marine x2  
  60  6:28  SCV, Marauder  
  58  6:40  Marine  
  58  6:42  Marine, Concussive Shells  
  58  6:43  Marine  
  58  6:45  Medivac x2  
  65  6:49  Marauder  
  65  6:50  Command Center  
  67  6:58  Marauder  
  67  7:01  Terran Infantry Weapons Level 1, Terran Infantry Armor Level 1  
  69  7:03  Supply Depot  
  69  7:12  Supply Depot  
  69  7:13  Supply Depot  
  69  7:14  Marine, Supply Depot  
  70  7:25  Marine, Marauder x2  
  73  7:40  SCV x2  
  73  7:41  Refinery  
  74  7:51  Marine x3  
  74  7:52  Marine, SCV x2  
  74  8:04  Refinery  
  67  8:10  Marauder x2  
  63  8:24  Marine x2  
  57  8:31  Marine x2  
  40  8:42  Marine x2  
  40  8:46  SCV x2  
  44  8:48  Marine  
  44  8:49  Marauder  
  46  8:58  SCV x2  
  46  8:59  Marine  
  46  9:00  Marine  
  35  9:06  Marine  
  35  9:10  Marine, SCV x2  
  35  9:17  Marine  
  35  9:22  Marine, SCV  
  36  9:24  Marine  
  36  9:27  SCV  
  36  9:28  Marine  
  39  9:34  SCV, Medivac  
  39  9:35  Medivac  
  39  9:36  Siege Tank  
  47  9:40  SCV  
  47  9:42  Marauder  
  50  9:46  Marauder  
  50  9:47  SCV  
  53  9:59  SCV  
  54  10:03  Refinery  
  54  10:11  SCV  
  46  11:19  Marine x2, Marauder  
  46  11:22  Marine  
  41  11:36  Marine  
  41  11:37  Marine  
  41  11:39  Marine  
  38  11:41  Marauder  
  37  11:54  Marine  
  37  12:30  Marine x2  
  37  12:31  Marine  
  37  12:32  Marauder  
  42  12:37  Viking x2  
  42  12:42  SCV  
  47  12:49  Marauder  
  49  12:53  Marauder  
  49  12:54  SCV  
  52  13:07  Medivac x2  
  56  13:17  SCV  
  56  13:18  SCV x2  
  59  13:28  Marine  
  59  13:29  Marine x3, SCV  
  59  13:30  SCV x2  
  66  13:46  Marine x2  
  66  13:47  Marine x2  
  59  14:04  Marine x4  
  58  14:22  Marine x3  
  47  14:51  Marine x3  
  47  14:52  Marine  
Show
View Real Time Build Order
Export as new Build Order

Fropez Protoss - Winner!

Build Orders:  

Get SALT Encoding   

  12  0:01  Probe (Chrono Boost)  
  13  0:11  Probe (Chrono Boost)  
  14  0:17  Pylon  
  14  0:22  Probe (Chrono Boost)  
  15  0:36  Probe (Chrono Boost)  
  15  0:38  Gateway  
  16  0:46  Probe (Chrono Boost)  
  17  0:56  Assimilator  
  18  0:57  Probe (Chrono Boost)  
  18  1:07  Probe (Chrono Boost)  
  19  1:18  Probe (Chrono Boost)  
  20  1:28  Probe (Chrono Boost)  
  21  1:39  Probe (Chrono Boost)  
  22  1:46  Nexus  
  22  1:50  Probe (Chrono Boost)  
  23  1:58  Pylon  
  23  2:02  Assimilator  
  23  2:10  Cybernetics Core  
  23  2:13  Pylon  
  23  2:17  Probe (Chrono Boost)  
  23  2:27  Probe (Chrono Boost)  
  24  2:33  Pylon  
  24  2:47  Warp Gate (Chrono Boost), Mothership Core (Chrono Boost)  
  26  2:54  Gateway  
  26  2:58  Gateway  
  25  3:05  Probe (Chrono Boost)  
  25  3:16  Probe (Chrono Boost)  
  26  3:22  Pylon  
  26  3:25  Stalker  
  26  3:26  Probe (Chrono Boost)  
  29  3:37  Gateway  
  29  3:46  Probe (Chrono Boost)  
  29  3:47  Pylon, Probe (Chrono Boost)  
  29  3:55  Stalker  
  29  3:57  Probe (Chrono Boost)  
  29  4:01  Stalker  
  29  4:02  Probe (Chrono Boost)  
  35  4:10  Probe  
  35  4:12  Probe  
  37  4:21  Gateway  
  37  4:22  Pylon, Probe  
  38  4:47  Probe x2  
  38  4:48  Twilight Council  
  40  4:53  Adept  
  40  4:54  Adept, Assimilator  
  40  4:55  Adept  
  40  4:57  Gateway  
  40  4:59  Probe  
  46  5:00  Probe  
  48  5:09  Probe  
  49  5:15  Robotics Facility  
  49  5:19  Stalker  
  51  5:24  Stalker  
  51  5:28  Blink (Chrono Boost)  
  51  5:46  Probe  
  51  5:47  Probe  
  49  5:59  Probe (Chrono Boost)  
  49  6:03  Warp Prism  
  52  6:06  Probe (Chrono Boost), Forge  
  52  6:09  Nexus  
  52  6:10  Pylon  
  53  6:21  Probe x2 (Chrono Boost)  
  53  6:24  Stalker x2  
  53  6:25  Assimilator  
  57  6:32  Protoss Ground Weapons Level 1 (Chrono Boost)  
  52  6:40  Probe x2 (Chrono Boost)  
  54  6:49  Photon Cannon  
  54  6:51  Probe (Chrono Boost)  
  55  6:57  Pylon  
  55  7:00  Pylon  
  55  7:03  Probe (Chrono Boost)  
  55  7:04  Pylon, Photon Cannon  
  56  7:10  Probe (Chrono Boost)  
  57  7:29  Resonating Glaives (Chrono Boost)  
  57  7:37  Stalker x3  
  59  7:38  Stalker x2  
  59  7:39  Stalker  
  67  8:05  Photon Cannon  
  59  8:13  Stalker  
  59  8:14  Stalker x5  
  53  8:43  Adept  
  53  8:44  Adept x5  
  61  9:16  Adept  
  61  9:17  Adept x5  
  61  9:18  Probe  
  61  9:19  Probe x2  
  61  9:23  Assimilator  
  68  9:26  Protoss Ground Weapons Level 2  
  68  9:28  Assimilator  
  68  9:31  Dark Shrine  
  68  9:32  Photon Cannon  
  68  9:35  Pylon, Probe  
  68  9:36  Probe x2  
  68  9:38  Pylon  
  71  9:40  Pylon  
  71  9:42  Photon Cannon  
  71  9:58  Adept x3  
  71  9:59  Adept  
  79  10:25  Stalker x2  
  79  10:26  Stalker x3  
  79  10:27  Stalker  
  65  11:09  Stalker x2  
  65  11:10  Stalker x3  
  75  11:11  Stalker  
  69  11:27  Probe  
  69  11:28  Probe x2  
  68  11:33  Gateway  
  68  11:36  Gateway  
  68  11:37  Probe  
  68  11:39  Gateway  
  67  11:40  Probe, Gateway  
  66  11:48  Stalker x2  
  66  11:49  Gateway  
  70  12:00  Probe  
  67  12:04  Pylon  
  67  12:07  Protoss Ground Weapons Level 3, Probe  
  67  12:08  Probe  
  67  12:12  Stalker x2  
  73  12:17  Photon Cannon  
  73  12:19  Pylon  
  73  12:21  Warp Prism  
  73  12:22  Probe x2  
  77  12:55  Charge (Chrono Boost)  
  77  13:05  Dark Templar  
  79  13:07  Dark Templar x2  
  79  13:09  Dark Templar x3  
  79  13:10  Dark Templar  
  79  13:12  Dark Templar  
  93  13:29  Adept x3  
  95  14:10  Probe  
  95  14:11  Probe x2  
  96  14:18  Stalker x2  
  96  14:19  Stalker x4  
  96  14:20  Stalker x5  
  100  14:49  Adept x6  
  100  14:50  Adept x4  
  108  15:19  Adept x2  
  108  15:20  Adept x7  
  108  15:21  Adept  
Tags
 
Add a new tag
Caveats
  • Supply blocks, unpowered buildings, or Contaminate may cause inaccurate times.
  • Supply counts are checked every 10 seconds.